 Dungeon Crawl Stone Soup version 0.23.2-33-g5129a83184 (webtiles) character file.

Game seed: 12589731353964915975

65 Derp the Skirmisher (level 3, -4/43 HPs)
             Began as a Demonspawn Berserker on July 14, 2019.
             Was a Believer of Trog.
             Slain by a gnoll
             ... wielding a +1 whip of venom
              (6 damage)
             ... on level 2 of the Dungeon.
             The game lasted 00:04:56 (1940 turns).

Derp the Skirmisher (Demonspawn Berserker)          Turns: 1940, Time: 00:04:57

Health: -4/43      AC: 13    Str: 22    XL:     3   Next: 94%
Magic:  3/3        EV:  7    Int:  8    God:    Trog [**....]
Gold:   169        SH:  0    Dex: 13    Spells: 2/2 levels left

rFire    . . .     SeeInvis .   a - +0 falchion
rCold    . . .     Gourm    .   (no shield)
rNeg     . . .     Faith    .   l - +0 plate armour
rPois    .         Spirit   .   (no helmet)
rElec    .         Reflect  .   (no cloak)
rCorr    .         Harm     .   (no gloves)
MR       ++...                  (no boots)
Stlth    ..........             (no amulet)
HPRegen  1.14/turn              (no ring)
MPRegen  0.08/turn              (no ring)

@: berserking, lethally poisoned (-4 -> -4), regenerating, very quick
A: slimy green scales 1
a: Berserk, Trog's Hand, Renounce Religion


You were on level 2 of the Dungeon.
You worshipped Trog.
Trog was pleased with you.
You were not hungry.

You visited 1 branch of the dungeon, and saw 2 of its levels.

You collected 169 gold pieces.

Inventory:

Hand Weapons
 a - a +0 falchion (weapon)
Armour
 b - a +0 animal skin
 e - a +0 scale mail
 l - a +0 plate armour (worn)
Jewellery
 g - a cursed ring of attention {unknown}
Scrolls
 h - 2 scrolls of immolation {unknown}
 i - a scroll of identify {unknown}
 j - a scroll of magic mapping {unknown}
 k - a scroll of remove curse {unknown}
 m - a scroll of enchant armour {unknown}
 p - a scroll of amnesia {unknown}
Potions
 d - a potion of lignification {unknown}
 f - a potion of haste {unknown}
 n - a potion of curing {unknown}
 o - a potion of resistance {unknown}
Comestibles
 c - 3 rations


   Skills:
 + Level 3.5 Fighting
 + Level 3.4 Long Blades
 + Level 2.3 Armour
 + Level 2.2 Dodging


You had 2 spell levels left.
You didn't know any spells.
Your spell library was empty.

Dungeon Overview and Level Annotations

Branches:
Dungeon (2/15)

Altars:


Innate Abilities, Weirdness & Mutations

You are partially covered in slimy green scales. (AC +2)


Message History

You closely miss the gnoll.
The gnoll is almost dead.
The gnoll hits you from afar with a +0 spear of piercing.
The gnoll hits you.
* * * LOW HITPOINT WARNING * * *
A red film seems to cover your vision as you go berserk!
You feel yourself moving faster!
You feel mighty!
You feel a lot more hungry.
The gnoll hits you from afar with a +0 spear of piercing.
* * * LOW HITPOINT WARNING * * *
x2 The gnoll hits you but does no damage.
You hit the gnoll.
You kill the gnoll!
Trog accepts your kill.
You feel the effects of Trog's Hand fading.
You feel sick.
The gnoll hits you from afar with a +0 spear of piercing.
* * * LOW HITPOINT WARNING * * *
x2 Your plate armour prevents you from hitting the gnoll.
The gnoll hits you with a +1 whip of venom.
You die...

..g..g.####.####........# #.###.
########.......########.# #..())
##.##.##.# ##.## ######
#.#..[.#.# #...# #...
########.##....# #...# #.##
.......#.###.#.# #...#####.##
.......#.###.#.# #####...#...#.##
.......#.......###>...)...###..##
.......).###...g@.........# #....
.......### ###g###........###.###
.......# #..# #####...#...## #
.......# #.## #...##### #
######## #.# #...# # #...######.#
#...# # ####.g...g..g.# ##.## #
.......######## #######g## #
.##g##.# #...g....# #


You could see 2 gnolls.

Vanquished Creatures
  A gnoll (D:2)
  A dart slug (D:1)
  A leopard gecko (D:1)
  A giant cockroach (D:1)
  4 goblins
  8 hobgoblins
  14 jackals
  A ball python (D:1)
  4 bats
  3 frilled lizards
  5 kobolds
  2 rats
45 creatures vanquished.

Notes
Turn   | Place    | Note
-------+----------+-------------------------------------------
     0 | D:1      | Derp the Demonspawn Berserker began the quest for the Orb.
     0 | D:1      | Reached XP level 1. HP: 18/18 MP: 1/1
   137 | D:1      | Gained mutation: You are partially covered in slimy green
                  | scales. (AC +2) [demonic ancestry]
   137 | D:1      | Reached XP level 2. HP: 11/24 MP: 2/2
   669 | D:1      | Reached XP level 3. HP: 28/29 MP: 3/3
   676 | D:1      | Reached ** piety under Trog
  1939 | D:2      | HP: 2/43 [gnoll/+0 spear of piercing (5)]
  1940 | D:2      | Slain by a gnoll

Skill      XL: |  1  2 |
---------------+-------+-----
Long Blades    | 3 |  3.4
Dodging        | 2 |  2.2
Armour         | 2 |  2.3
Fighting       | |  3.5

Action                   || total
-------------------------++-------
Melee: Falchion          ||   180
Invok: Berserk           ||     1
       Trog's Hand       ||     1
  Eat: Chunk             ||     2
       Ration            ||     1
Armor: Animal skin       ||     2
       Scale mail        ||    73
       Plate armour      ||    87
Dodge: Dodged            ||   109
       Rpst.: Falchion   ||    34
